 Dungeon Crawl Stone Soup version 0.30-a0-852-g08b95dd62f (webtiles) character file.

Game seed: 12702128809591394750

66 Firecrotchwizard the Magician (level 4, -2/33 HPs)
             Began as a Djinni Fire Elementalist on Mar 4, 2023.
             Slain by Terence
             ... wielding a +0 morningstar of protection
              (8 damage)
             ... on level 2 of the Dungeon.
             The game lasted 00:04:07 (1644 turns).

Firecrotchwizard the Magician (DjFE)                Turns: 1644, Time: 00:04:07

Health: -2/33      AC:  3    Str:  7    XL:     4   Next: 37%
Gold:   101        EV: 12    Int: 18    God:
                   SH:  0    Dex: 14

rFire   + + .      SeeInvis .    d - +0 club
rCold   x . .      Faith    .    (no shield)
rNeg    . . .      Spirit   .    a - +0 robe
rPois   ∞          Reflect  .    (no helmet)
rElec   .          Rampage  .    f - +0 cloak
rCorr   .                        (no gloves)
Will    .....                    (boots unavailable)
Stlth   ++                       n - amulet of regeneration
HPRegen 1.05/turn                (no ring)
MPRegen 0.00/turn                (no ring)

@: flying
A: sickness immunity, fire resistance 2, cold vulnerability 1, float, innate
caster, HP casting, extra vitality 1
a: no special abilities


You were on level 2 of the Dungeon.
You visited 1 branch of the dungeon, and saw 3 of its levels.

You collected 101 gold pieces.

Inventory:

Hand Weapons
 d - a +0 club (weapon)
   (You took it off a goblin on level 1 of the Dungeon)
Missiles
 s - 20 stones (quivered)
Armour
 a - a +0 robe (worn)
 f - a +0 cloak (worn)
   (You found it on level 1 of the Dungeon)
Jewellery
 n - an amulet of regeneration (around neck)
   (You found it on level 1 of the Dungeon)
Wands
 h - a wand of acid (3)
   (You found it on level 2 of the Dungeon)
Scrolls
 c - 2 scrolls of teleportation {unknown}
 k - 2 scrolls of identify {unknown}
 p - a scroll of noise {unknown}
Potions
 b - a potion of mutation {unknown}
 e - a potion of brilliance {unknown}
 g - a potion of invisibility {unknown}
 i - 3 potions of haste {unknown}
 j - a potion of degeneration {unknown}
 l - 2 potions of attraction {unknown}
 m - a potion of lignification {unknown}
 o - a potion of cancellation {unknown}


   Skills:
 + Level 1.7 Fighting
 - Level 2.6 Dodging
 - Level 2.0 Stealth
 + Level 3.1 Spellcasting


You knew the following spells:

 Your Spells              Type           Power      Damage    Failure   Level
a - Foxfire               Conj/Fire      56%        2x1d6     4%          1
b - Scorch                Fire           28%        2d6       7%          2
c - Kindle Blastsparks    Fire/Tloc/Air  28%        2d12      14%         3
d - Inner Flame           Hex/Fire       14%        N/A       14%         3
e - Flame Wave            Conj/Fire      14%        2d6       41%         4
f - Sandblast             Erth           28%        2d8       4%          1
Your spell library was empty.

Dungeon Overview and Level Annotations

Branches:
Dungeon (3/15)

Altars:

Shops:
D:1 [

Annotations:
D:2 Terence


Innate Abilities, Weirdness & Mutations

You are immune to sickness and miasma.
You are immune to poison.
Your flesh is very heat resistant. (rF++)
You are vulnerable to cold. (rC-)
You float through the air rather than walking.
You learn spells naturally, not from books.
Your magical power is your life essence.
You have superior vitality. (+4 MHP)


Message History

There is a stone staircase leading down here.
You fly downwards.
Level annotation: Terence The adder hisses angrily.
The jackal barks! x2
The jackal misses you. The jackal barely misses you.
The adder bites you but does no damage.
You hear a shout!
Found an escape hatch in the floor.
There is a stone staircase leading up here.
The jackal barely misses you.
The jackal bites you but does no damage.
The adder barely misses you.
The jackal bites you but does no damage.
The jackal closely misses you.
The jackal bites you but does no damage.
The jackal barely misses you.
You fly upwards.
There is a stone staircase leading down here.
You conjure some foxfire!
The adder bites you but does no damage. The jackal bites you.
The jackal barely misses you. The jackal closely misses you.
The adder bites you.
You take 2 damage, and have 30/32 hp.
Flames lash the jackal.
You kill the jackal!
The foxfire hits the jackal.
The jackal misses you. The jackal barely misses you. The adder bites you.
The jackal bites you. x2
You take 7 damage, and have 23/32 hp.
MASSIVE DAMAGE!!
You conjure some foxfire!
The adder misses you. The jackal bites you.
The jackal bites you but does no damage.
You take 2 damage, and have 21/32 hp.
Flames lash the jackal.
You kill the jackal!
The foxfire hits the jackal.
You kill the jackal!
The foxfire hits the adder.
The adder closely misses you. The adder bites you.
You take 3 damage, and have 18/32 hp.
You conjure some foxfire!
The adder completely misses you.
Flames lash the adder.
The adder's fire resistance burns away.
The foxfire hits the adder.
The adder is burned terribly!
The foxfire hits the adder.
The adder is burned terribly!
The adder bites you.
You take 5 damage, and have 13/32 hp.
You conjure some foxfire!
The adder barely misses you.
The foxfire hits the adder!
The adder is burned terribly!
You kill the adder!
You see here a jackal corpse.
You regained 2 hp, and now have 15/33 hp.
You start resting.
Health restored: 33
(D) Dungeon
Where to? (Enter - D:2 @ (x,y), ? - help)
There is a stone staircase leading down here.
You fly downwards.
Level annotation: Terence Terence shouts!
The jackal bites you but does no damage.
Terence closely misses you. The jackal closely misses you.
Terence closely misses you.
There is a stone staircase leading up here.
You conjure some foxfire!
The jackal bites you but does no damage.
Terence hits you with a +0 morningstar of protection.
You take 5 damage, and have 28/33 hp.
The foxfire hits Terence.
The foxfire hits Terence but does no damage.
The jackal bites you. Terence hits you but does no damage.
The jackal closely misses you.
You fly upwards.
There is a stone staircase leading down here.
You regained 2 hp, and now have 30/33 hp.
You don't know that spell.
You conjure some foxfire!
The jackal bites you.
Terence hits you with a +0 morningstar of protection.
You take 6 damage, and have 24/33 hp.
Flames lash Terence but do no damage.
The foxfire hits Terence.
The foxfire hits the jackal but does no damage.
The jackal barely misses you.
Terence hits you with a +0 morningstar of protection.
The jackal closely misses you.
You take 6 damage, and have 18/33 hp.
You conjure some foxfire!
The jackal closely misses you.
Terence hits you with a +0 morningstar of protection!
* * * LOW HITPOINT WARNING * * *
You take 10 damage, and have 8/33 hp.
MASSIVE DAMAGE!!
You don't know that spell.
Flames lash the jackal.
You kill the jackal!
* * * LOW HITPOINT WARNING * * *
The foxfire hits Terence but does no damage. x2
Terence misses you.
You take 1 damage, and have 7/33 hp.
You conjure some foxfire!
* * * LOW HITPOINT WARNING * * *
Terence misses you.
Flames lash Terence.
Terence's fire resistance burns away.
* * * LOW HITPOINT WARNING * * *
The foxfire hits Terence but does no damage. x2
Terence hits you with a +0 morningstar of protection!
You die...

#.........#.....##########.....
#.................# #..........
##........#.....### ######.....
#.......<#.....# #.....
#..............# #.....
#........#..>..# #.....
#........#.....# ######
#........#...@†#
##########..†@.# #######


You could see Terence (combustible).

Vanquished Creatures
  3 adders (D:2)
  A worm (D:2)
  3 endoplasms (D:1)
  2 giant cockroaches
  4 goblins
  5 hobgoblins
  4 jackals (D:2)
  A ball python (D:1)
  3 bats (D:1)
  2 frilled lizards
  3 kobolds (D:1)
  4 rats
35 creatures vanquished.

Vanquished Creatures (others)
  114 foxfires
114 creatures vanquished.

Grand Total: 149 creatures vanquished

Notes
Turn   | Place    | Note
-------+----------+-------------------------------------------
     0 | D:1      | Firecrotchwizard the Djinni Fire Elementalist began the
                  | quest for the Orb.
     0 | D:1      | Firecrotchwizard set off with the following spells
                  | memorised: Foxfire, Scorch, Kindle Blastsparks, Inner
                  | Flame, Flame Wave.
     0 | D:1      | Reached XP level 1. HP: 15/15 MP: 0/0
    91 | D:1      | Found a faded altar of an unknown god.
   189 | D:1      | Reached XP level 2. HP: 14/21 MP: 0/0
   300 | D:1      | Found Dyemip's Antique Armour Boutique.
   443 | D:1      | Reached skill level 2 in Stealth
   776 | D:1      | Reached XP level 3. HP: 22/25 MP: 0/0
   776 | D:1      | Learned a level 1 spell: Sandblast
  1157 | D:2      | Reached skill level 1 in Fighting
  1325 | D:2      | Reached skill level 3 in Spellcasting
  1325 | D:2      | Reached XP level 4. HP: 32/32 MP: 0/0
  1535 | D:3      | Noticed Terence
  1641 | D:2      | HP: 8/33 [Terence/+0 morningstar of protection (10)]
  1644 | D:2      | Slain by Terence

Illustrated notes

Levels and vault maps discovered:
D:1:      dpeg_arrival_shelter, layout_basic, serial_shops, shop,
          chequers_ecumenical_altar_simple_redux
D:2:      layout_rooms, chequers_serial_rivers_large_a
D:3:      layout_basic, hex_medium, uniq_terence, uniq_crazy_yiuf_cottage,
          uniq_ijyb

Skill      XL: |  1  2  3 |
---------------+----------+-----
Stealth        | 2 |  2.0
Fighting       | 1 |  1.7
Spellcasting   | 3 |  3.1
Dodging        | |  2.6

Action                     |  1- 3 |  4- 6 || total
---------------------------+-------+-------++-------
   Cast: Foxfire           |    51 |    14 ||    65
         Scorch            |     1 |     6 ||     7
 Armour: Robe              |     2 |     9 ||    11
  Dodge: Dodged            |     7 |    23 ||    30

Table legend: (Time is in decaauts)
 A = Elapsed time spent in this place.
 B = Non-inter-level travel time spent in this place.
 C = Inter-level travel time spent in this place.
 D = Time resting spent in this place.
 E = Time spent auto-exploring this place.
 F = Levels seen in this place.
 G = Mean time per level.
                   A        B        C        D        E       F      G
               +--------+--------+--------+--------+--------+-----+--------+
         Total |   1644 |   1601 |     43 |     26 |   1373 |   3 |  548.0 |
       Dungeon |   1644 |   1601 |     43 |     26 |   1373 |   3 |  548.0 |
               +--------+--------+--------+--------+--------+-----+--------+

Top non-repeatable levels by time:
     D:1: 1014 daAuts
     D:2: 542 daAuts
     D:3: 88 daAuts

Table legend:
 A = Kills in this place as a percentage of kills in the entire game.
 B = Kills by you in this place as a percentage of kills by you in the entire game.
 C = Kills by friends in this place as a percentage of kills by friends in the entire game.
 D = Other kills in this place as a percentage of other kills in the entire game.
 E = Experience gained in this place as a percentage of experience gained in the entire game.
 F = Experience gained in this place divided by the number of levels of this place that you have seen.
                   A       B       C       D       E      F
               +-------+-------+-------+-------+-------+----------------------
         Total | 100.0 | 100.0 |   N/A |   N/A | 100.0 |  31.7
       Dungeon | 100.0 | 100.0 |   N/A |   N/A | 100.0 |  31.7
               +-------+-------+-------+-------+-------+----------------------
